 Dungeon Crawl Stone Soup version 0.30-a0-918-g0ff054e9dc (webtiles) character file.

Game seed: 5258890305763323848

10 Iich the Trooper (level 2, 24/24 HPs)
             Began as a Demonspawn Fighter on Mar 20, 2023.
             Got out of the dungeon alive.
             The game lasted 00:00:32 (217 turns).

Iich the Trooper (Demonspawn Fighter)                Turns: 217, Time: 00:00:32

Health: 24/24      AC:  6    Str: 16    XL:     2   Next: 10%
Magic:  2/2        EV:  8    Int:  9    God:
Gold:   32         SH:  8    Dex: 12    Spells: 1/1 levels left

rFire   . . .      SeeInvis .    a - +0 war axe
rCold   . . .      Faith    .    c - +0 buckler
rNeg    . . .      Spirit   .    b - +0 scale mail
rPois   .          Reflect  .    (no helmet)
rElec   .          Rampage  .    (no cloak)
rCorr   .                        (no gloves)
Will    .....                    (no boots) Stlth
                                 (no amulet)
HPRegen 0.24/turn                (no ring)
MPRegen 0.08/turn                (no ring)

@: no status effects
A: condensation shield
a: no special abilities


You escaped.
You visited 1 branch of the dungeon, and saw 1 of its levels.

You collected 32 gold pieces.

Inventory:

Hand Weapons
 a - a +0 war axe (weapon)
Armour
 b - a +0 scale mail (worn)
 c - a +0 buckler (worn)
Potions
 d - a potion of might
 e - a potion of resistance {unknown}


   Skills:
 + Level 3.2 Fighting
 * Level 2.3 Axes
 - Level 2.6 Armour
 - Level 2.6 Shields


You had one spell level left.
You didn't know any spells.
Your spell library was empty.

Dungeon Overview and Level Annotations

Branches:
Dungeon (1/15)

Altars:

Annotations:
D:1 1 transporter


Innate Abilities, Weirdness & Mutations

A meltable shield of frost defends you. (SH +4)


Message History

You have reached level 2!
Your demonic ancestry asserts itself...
Frost condenses into a shield before you.
Health restored: 24; MP restored: 2 You see here a hobgoblin corpse.
You now have 32 gold pieces (gained 17).
You open the door.
There is an open door here.
A ball python comes into view.
The ball python hisses angrily.
(D) Dungeon
Where to? (? - help)
What level of the Dungeon? (default 1, ? - help)
A ball python is nearby!
Found 8 gold pieces.
The ball python bites you but does no damage.
The ball python misses you.
You closely miss the ball python. The ball python completely misses you.
You block the ball python's attack.
You barely miss the ball python. You block the ball python's attack.
The ball python grabs you. The ball python constricts you.
The ball python bites you. The ball python constricts you.
You take 2 damage, and have 22/24 hp.
You hit the ball python but do no damage.
You block the ball python's attack. The ball python constricts you.
You block the ball python's attack. The ball python constricts you.
You slash the ball python!
You kill the ball python!
No target in view!
(D) Dungeon
Where to? (Enter - D:1 @ (x,y), ? - help)
What level of the Dungeon? (default 1, ? - help) HP restored.
There is an open door here.
You see here a +0 short sword.
There is a transporter here.
There is a staircase leading out of the dungeon here.
Health restored: 24 Are you sure you want to leave the Dungeon?
This will make you lose the game!
You have escaped!

#..#####.......####..
#.....#....#.#.######
#.#...##....[....#
#.##..##.........#
#..##.##......#..#
#.#.#####...#....#
#..#.#####..#....####
#.#.#©##©##.#.##.....
#..#@###..###.#######
#.#.#.##...#..# #
#.##.#.#.....##
#....######### ######


There were no monsters in sight!

Vanquished Creatures
  2 ball pythons (D:1)
  A giant cockroach (D:1)
  A hobgoblin (D:1)
  2 kobolds (D:1)
  A frilled lizard (D:1)
  2 rats (D:1)
9 creatures vanquished.

Notes
Turn   | Place    | Note
-------+----------+-------------------------------------------
     0 | D:1      | Iich the Demonspawn Fighter began the quest for the Orb.
     0 | D:1      | Reached XP level 1. HP: 18/18 MP: 1/1
   139 | D:1      | Gained mutation: A meltable shield of frost defends you.
                  | (SH +4) [demonic ancestry]
   139 | D:1      | Reached XP level 2. HP: 24/24 MP: 2/2
   217 | D:$      | Got out of the dungeon alive.

Illustrated notes

Levels and vault maps discovered:
D:1:      spicycebolla_arrival_risky_transporter, layout_basic

Skill      XL: |  1 |
---------------+----+-----
Axes           | 2 |  2.3
Fighting       | |  3.2
Armour         | |  2.6
Shields        | |  2.6

Action                     || total
---------------------------++-------
  Melee: War axe           ||    27
 Armour: Scale mail        ||    10
  Dodge: Dodged            ||    12
  Block: Buckler           ||     9

Table legend: (Time is in decaauts)
 A = Elapsed time spent in this place.
 B = Non-inter-level travel time spent in this place.
 C = Inter-level travel time spent in this place.
 D = Time resting spent in this place.
 E = Time spent auto-exploring this place.
 F = Levels seen in this place.
 G = Mean time per level.
                   A        B        C        D        E       F      G
               +--------+--------+--------+--------+--------+-----+--------+
         Total |    228 |    176 |     52 |      0 |    112 |   1 |  228.0 |
       Dungeon |    228 |    176 |     52 |      0 |    112 |   1 |  228.0 |
               +--------+--------+--------+--------+--------+-----+--------+

Top non-repeatable levels by time:
     D:1: 228 daAuts
